 Dungeon Sprint DCSS version 0.27.1-33-g824d729ab1 (webtiles) character file.

Game seed: 11769464674929835157

11116 manyhoops the Executioner (level 11, -12/122 HPs)
             Began as a Minotaur Berserker on Nov 25, 2021.
             Was a High Priest of Trog.
             Mangled by a lorocyproca (22 damage)
             ... in the Dungeon (Sprint I: "Red Sonja").
             The game lasted 00:09:48 (3835 turns).

manyhoops the Executioner (Minotaur Berserker)      Turns: 3835, Time: 00:09:49

Health: -12/122    AC: 22    Str: 25    XL:     11   Next: 45%
Magic:  0/10       EV: 10    Int:  4    God:    Trog [*****.]
Gold:   453        SH:  0    Dex: 10    Spells: 10/10 levels left

rFire    . . .     SeeInvis .   o - +2 battleaxe (flame)
rCold    . . .     Faith    .   (shield currently unavailable)
rNeg     . . .     Spirit   .   h - +6 chain mail of the Devil {Slay+2}
rPois    .         Reflect  .   (helmet restricted)
rElec    .         Harm     .   (no cloak)
rCorr    .         Rampage  .   (no gloves)
Will     +++..     NoTele   +   v - +2 pair of boots
Stlth    ..........             (no amulet)
HPRegen  1.30/turn              q - ring of willpower
MPRegen  0.12/turn              (no ring)

@: strong-willed, regenerating
A: horns 2, retaliatory headbutt
a: Renounce Religion, Berserk, Trog's Hand, Brothers in Arms


You were in the Dungeon.
You worshipped Trog.
Trog was extremely pleased with you.
You visited 1 branch You collected 1459 gold pieces.
You spent 1006 gold pieces at shops.

Inventory:

Hand Weapons
 a - a +2 vorpal battleaxe
 l - a +0 executioner's axe
 o - a +2 battleaxe of flaming (weapon)
Missiles
 b - 5 curare-tipped darts (quivered)
Armour
 h - the +6 chain mail of the Devil (worn) {Slay+2}
   (You bought it in a shop in the Dungeon)

   Slay:      It affects your accuracy & damage with ranged weapons and melee
   (+2).
 k - a +0 ring mail
 v - a +2 pair of boots (worn)
Jewellery
 q - a ring of willpower (left hand)
Wands
 i - a wand of digging (11)
 n - a wand of iceblast (10)
Scrolls
 m - 2 scrolls of amnesia
 r - a scroll of fog
 s - 2 scrolls of silence
 t - a scroll of vulnerability
 u - a scroll of enchant armour {unknown}
 w - a scroll of torment {unknown}
Potions
 c - 3 potions of curing
 d - 2 potions of heal wounds
 e - 2 potions of haste
 f - 2 potions of magic
 g - a potion of berserk rage
 j - 2 potions of mutation
 p - a potion of cancellation


   Skills:
 + Level 19.1 Fighting
 - Level 21.0 Axes
 + Level 14.1 Armour
 - Level 5.9 Dodging


You had 10 spell levels left.
You didn't know any spells.
Your spell library was empty.

Dungeon Overview and Level Annotations

Branches:
Dungeon (1/1)

Altars:
Cheibriados
Dithmenos
Elyvilon
Fedhas
Gozag
Hepliaklqana
Kikubaaqudgha
Makhleb
Nemelex Xobeh
Okawaru
Qazlal
Ru
Sif Muna
Trog
Uskayaw
Vehumet
Wu Jian
Xom
Yredelemnul
Zin
The Shining One
Jiyva
Lugonu

Shops:
D [(*[*=*(*[?[=(([(


Innate Abilities, Weirdness & Mutations

You have a pair of horns on your head.
You reflexively headbutt those who attack you in melee.


Message History

You are engulfed in noxious fumes.
You choke on the stench!
You are more confused.
You are engulfed in noxious fumes.
Something hits you!
You feel your power leaking away.
Deactivating autopickup; reactivate with Ctrl-A.
There is an open door, spattered with blood here.
You bump into the rock wall.
Something hits you but does no damage.
You are engulfed in noxious fumes.
Something hits you!!
There is an open door here.
You feel less confused. Something hits you!! Something hits you!
There is an open door, spattered with blood here.
Really walk into a travel-excluded area? [Y]es or [N]o only, please.
Really walk into a travel-excluded area? [Y]es or [N]o only, please.
Really walk into a travel-excluded area?
Okay, then.
Your cyclops goes berserk!
Something hits you but does no damage.
Your skin crawls.
You feel strong-willed. Something hits you!
* * * LOW HITPOINT WARNING * * *
You feel your power leaking away.
You barely miss something. You slash something! You burn something.
Something hits you.
* * * LOW HITPOINT WARNING * * *
You hit something. Something hits you but does no damage.
You hit something but do no damage. You slash something! You burn something.
You headbutt something. Something hits you but does no damage.
You slash something! You headbutt something.
Something hits you but does no damage.
You slash something! You burn something. You headbutt something.
You hit something but do no damage. Something hits you!!
* * * LOW HITPOINT WARNING * * *
You closely miss something. Something hits you!!
You die...

#################################
.#.)'..#__#..)...#.§#.§..§..§.§.'
.'..#..'..'.)#..@##'#.####.§§.§##
'#####'#__####..C{..#.# ##..§###
.#...#)####))#####..§§# ###+#:.
##..##§#§§§.§#..##'#### # #.##.
_##'#§§'§§§§.§..#).°°.#..$# #..##
..'..._#≈§)§.#..#^^°..'..$$$##.#A
_##_)#'##§#####'###.°.#^....#..##
_###'#.#§..(###.'.#.°°###++##.##.
####.####'###.###.#..## #..#+


You could see a friendly cyclops (summoned, berserk).

Vanquished Creatures
  2 centaur warriors (D)
  Sonja (D)
  A deep troll (D)
  A lindwurm (D)
  An oklob plant (D)
  A gargoyle (D)
  2 kobold demonologists (D)
  7 unseen horrors (D)
  2 demonic crawlers (D)
  A hornet (D)
  A slime creature (D)
  2 redbacks (D)
  Sigmund (D)
  13 hogs (D)
  A yak (D)
  2 floating eyes (D)
  7 necrophages (D)
  An ogre (D)
  8 jellies (D)
  Ijyb (D)
56 creatures vanquished.

Vanquished Creatures (collateral kills)
  A hydra (D)
  2 demonic crawlers (D)
  A floating eye (D)
4 creatures vanquished.

Vanquished Creatures (others)
  A gargoyle (D)
  2 ballistomycete spores (D)
3 creatures vanquished.

Grand Total: 63 creatures vanquished

Notes
Turn   | Place    | Note
-------+----------+-------------------------------------------
     0 | D        | manyhoops the Minotaur Berserker began the quest for the
                  | Orb.
     0 | D        | Reached XP level 1. HP: 19/19 MP: 0/0
     1 | D        | Noticed Ijyb
     6 | D        | Killed Ijyb
     7 | D        | Reached skill level 5 in Fighting
     7 | D        | Reached skill level 5 in Axes
     7 | D        | Reached XP level 2. HP: 29/29 MP: 1/1
    51 | D        | Noticed an ogre
    54 | D        | Killed an ogre
    55 | D        | Reached skill level 7 in Axes
    55 | D        | Reached XP level 3. HP: 40/40 MP: 2/2
    55 | D        | Reached XP level 4. HP: 48/48 MP: 3/3
   109 | D        | Noticed Sigmund
   113 | D        | Killed Sigmund
   113 | D        | Reached ** piety under Trog
   114 | D        | Reached skill level 10 in Axes
   114 | D        | Reached skill level 5 in Armour
   114 | D        | Reached XP level 5. HP: 58/58 MP: 4/4
   183 | D        | Found a shimmering blue altar of Sif Muna.
   184 | D        | Found an ornate altar of the Wu Jian Council.
   185 | D        | Found a radiant altar of Vehumet.
   190 | D        | Reached skill level 10 in Fighting
   190 | D        | Reached XP level 6. HP: 53/66 MP: 5/5
   267 | D        | Found Eveuck's Weapon Emporium.
   267 | D        | Found an ancient bone altar of Kikubaaqudgha.
   267 | D        | Found a hazy altar of Hepliaklqana.
   267 | D        | Found a stormy altar of Qazlal.
   267 | D        | Found a hide-covered altar of Uskayaw.
   267 | D        | Found a blossoming altar of Fedhas.
   267 | D        | Found a bloodstained altar of Trog.
   267 | D        | Found an iron altar of Okawaru.
   267 | D        | Found a basalt altar of Yredelemnul.
   267 | D        | Found a glowing golden altar of the Shining One.
   267 | D        | Found a snail-covered altar of Cheibriados.
   267 | D        | Found a sacrificial altar of Ru.
   267 | D        | Found a glowing silver altar of Zin.
   267 | D        | Found a shadowy altar of Dithmenos.
   267 | D        | Found a white marble altar of Elyvilon.
   267 | D        | Noticed a yak
   271 | D        | Killed a yak
   272 | D        | Reached skill level 11 in Axes
   272 | D        | Reached skill level 5 in Dodging
   272 | D        | Found an opulent altar of Gozag.
   277 | D        | Found a sparkling altar of Nemelex Xobeh.
   310 | D        | Bought a +0 executioner's axe for 110 gold pieces
   330 | D        | Noticed a centaur warrior
   334 | D        | Noticed a centaur warrior
   446 | D        | Found a burning altar of Makhleb.
   446 | D        | Found a viscous altar of Jiyva.
   446 | D        | Found a shimmering altar of Xom.
   446 | D        | Found a corrupted altar of Lugonu.
   446 | D        | Noticed a slime creature
   452 | D        | Killed a slime creature
   452 | D        | Reached *** piety under Trog
   453 | D        | Reached skill level 12 in Axes
   453 | D        | Reached XP level 7. HP: 31/75 MP: 6/6
   762 | D        | Noticed a kobold demonologist
   762 | D        | Noticed a kobold demonologist
   765 | D        | Reached skill level 13 in Axes
   769 | D        | Noticed a rust devil
   772 | D        | Killed a kobold demonologist
   773 | D        | Reached skill level 14 in Axes
   775 | D        | Killed a kobold demonologist
   775 | D        | Reached **** piety under Trog
   776 | D        | Reached skill level 15 in Axes
   776 | D        | Reached XP level 8. HP: 83/83 MP: 7/7
   833 | D        | Noticed a demonic crawler
   833 | D        | Noticed a demonic crawler
   833 | D        | Noticed a demonic crawler
   833 | D        | Noticed a demonic crawler
   836 | D        | Killed a demonic crawler
   837 | D        | Reached skill level 16 in Axes
   838 | D        | Killed a demonic crawler
   839 | D        | Reached skill level 17 in Axes
   840 | D        | Killed a demonic crawler
   841 | D        | Reached skill level 18 in Axes
   842 | D        | Killed a demonic crawler
   843 | D        | Reached XP level 9. HP: 88/90 MP: 8/8
   962 | D        | Noticed a gargoyle
   970 | D        | Killed a gargoyle
   970 | D        | Reached ***** piety under Trog
   971 | D        | Reached skill level 19 in Axes
  1146 | D        | Noticed a lindwurm
  1154 | D        | Killed a lindwurm
  1155 | D        | Reached skill level 20 in Axes
  1448 | D        | Reached skill level 21 in Axes
  1460 | D        | Reached XP level 10. HP: 49/100 MP: 9/9
  1462 | D        | Reached ****** piety under Trog
  1464 | D        | Received a gift from Trog
  1740 | D        | Noticed a 12-headed hydra
  1747 | D        | Killed a 14-headed hydra
  2015 | D        | Noticed Sonja
  2022 | D        | Killed Sonja
  2023 | D        | Reached skill level 15 in Fighting
  2023 | D        | Reached skill level 10 in Armour
  2173 | D        | Found Agont's Armour Boutique.
  2181 | D        | Bought the +6 chain mail of the Devil {Slay+2} for 598 gold
                  | pieces
  2203 | D        | Noticed a deep troll
  2207 | D        | Killed a deep troll
  2226 | D        | Found Joves's Armour Emporium.
  2254 | D        | Killed a centaur warrior
  2258 | D        | Killed a centaur warrior
  2258 | D        | Received a gift from Trog
  2619 | D        | Noticed an oklob plant
  2624 | D        | Killed an oklob plant
  2625 | D        | Reached XP level 11. HP: 106/117 MP: 10/10
  2752 | D        | Received a gift from Trog
  2765 | D        | Received a gift from Trog
  2919 | D        | Found Liuraler's Antique Armour Shoppe.
  2919 | D        | Found Nunojept's Assorted Antiques.
  2919 | D        | Found Jixt's Assorted Antiques.
  2921 | D        | Found Muocwa's Jewellery Emporium.
  2921 | D        | Found Boatilod's General Store.
  2921 | D        | Found Cuishuc's Weapon Shoppe.
  2921 | D        | Found Luorulur's Assorted Antiques.
  2921 | D        | Found Mucoene's Antique Armour Emporium.
  2921 | D        | Found Kuokhefe's Magic Scroll Shop.
  2921 | D        | Found Huewel's Armour Shoppe.
  2925 | D        | Bought a scroll labelled ZYOSUKHLAOSH for 19 gold pieces
  2925 | D        | Bought a scroll labelled WULAEF MUSKOU for 19 gold pieces
  2925 | D        | Bought a scroll of identify for 38 gold pieces
  2925 | D        | Bought a scroll labelled WULAEF MUSKOU for 19 gold pieces
  2925 | D        | Bought a scroll of identify for 38 gold pieces
  2931 | D        | Found Ceth's Jewellery Boutique.
  2931 | D        | Found Firhyt's Antique Weapon Emporium.
  2931 | D        | Found Efudd's Weapon Boutique.
  2931 | D        | Found Ysmoap Jiung's Weapon Emporium.
  2935 | D        | Bought a +2 pair of boots for 165 gold pieces
  3010 | D        | Noticed a daeva
  3835 | D        | Mangled by a lorocyproca

Illustrated notes

Levels and vault maps discovered:
D:        dungeon_sprint_1 [red_sonja_temple_1, red_sonja_temple_small_1]

Skill      XL: |  1  2  3  4  5  6  7  8  9 10 11 |
---------------+----------------------------------+-----
Fighting       | 5 7 9 10 11 12 17 19 | 19.1
Axes           | 5 7 10 12 15 18 21 | 21.0
Armour         | 3 4 5 6 7 12 14 | 14.1
Dodging        | 3 4 5 |  5.9

Action                   |  1- 3 |  4- 6 |  7- 9 | 10-12 || total
-------------------------+-------+-------+-------+-------++-------
Melee: Hand axe          |     5 |     8 |       |       ||    13
       Headbutt          |     2 |     2 |    15 |    19 ||    38
       Executioner's axe |       |     5 |    61 |     9 ||    75
       Battleaxe         |       |       |       |    67 ||    67
Invok: Berserk           |     2 |     2 |     2 |     3 ||     9
       Brothers in Arms  |       |       |     1 |     5 ||     6
       Trog's Hand       |       |       |       |     1 ||     1
  Use: Scroll            |       |       |       |     7 ||     7
Armor: Ring mail         |       |       |     9 |     5 ||    14
       Chain mail        |       |       |       |    74 ||    74
Dodge: Dodged            |     3 |     8 |    37 |    26 ||    74
